Map: Dusk Towers

Players

SuonSincler - Winner!

  • Race: Zerg Zerg
  • League: Gold

capac

  • Race: Terran Terran
  • League: Gold

VOD

Have the link to the VOD?

Description

Time

  • Played on: April 30, 2016, 8:52 a.m.
  • Length: 4:02
Show
View Real Time Build Order
Export as new Build Order

SuonSincler Zerg - Winner!

Build Orders: Pool Only 

Get SALT Encoding   

  12  0:18  Spawning Pool  
  11  0:22  Extractor  
  11  0:24  Drone  
  11  0:29  Drone  
  11  0:35  Drone  
  13  0:45  Overlord  
  13  1:04  Queen  
  13  1:07  Drone  
  16  1:12  Drone  
  17  1:22  Metabolic Boost  
  17  1:28  Drone  
  18  1:33  Drone  
  18  1:37  Drone  
  20  1:44  Overlord  
  20  1:54  Zergling x2  
  20  1:58  Baneling Nest  
  20  2:02  Zergling x2  
  21  2:17  Zergling x6  
  24  2:41  Zergling x4  
  24  2:42  Zergling x2  
  28  2:58  Zergling x6  
  30  3:08  Baneling x5  
  30  3:12  Baneling  
  30  3:20  Overlord  
Show
View Real Time Build Order
Export as new Build Order

capac Terran 

Build Orders: Reaper Expand 

Get SALT Encoding   

  12  0:01  SCV  
  13  0:13  SCV  
  14  0:18  Supply Depot  
  14  0:25  SCV  
  15  0:40  SCV  
  15  0:41  Barracks  
  16  0:47  Refinery  
  16  0:52  SCV  
  17  1:04  SCV  
  18  1:16  SCV  
  19  1:28  Orbital Command  
  19  1:31  Reaper  
  20  1:42  Command Center  
  20  1:51  Supply Depot  
  20  1:55  SCV  
  21  2:03  Marine  
  22  2:10  SCV  
  23  2:15  Factory  
  23  2:19  Barracks  
  23  2:26  Refinery, Barracks Reactor  
  23  2:30  SCV  
  24  2:42  SCV  
  25  2:55  SCV  
  25  2:56  Orbital Command  
  25  3:02  Factory Tech Lab  
  25  3:05  Starport  
  25  3:07  Marine x2, SCV  
  28  3:16  Refinery, Marine  
  28  3:19  SCV  
  30  3:24  SCV  
  30  3:25  Marine  
  32  3:37  Bunker  
Tags
 
Add a new tag
Caveats
  • Supply blocks, unpowered buildings, or Contaminate may cause inaccurate times.
  • Supply counts are checked every 10 seconds.